Map: [ESL] Data-C

Players

Harstem

  • Race: Protoss Protoss
  • Spawn Location: 9:00

goblin - Winner!

  • Race: Protoss Protoss
  • Spawn Location: 3:00

Event: DreamHack SC2 Masters 2022 Atlanta (Online)

VOD

Have the link to the VOD?

Description

Time

  • Played on: Oct. 2, 2022, 12:05 p.m.
  • Length: 23:51

All games in this series

Show
View Real Time Build Order
Export as new Build Order

Harstem Protoss 

Build Orders: Oracle Opening, Phoenix Opening 

Get SALT Encoding   

  12  0:00  Probe  
  13  0:12  Probe  
  14  0:17  Pylon  
  14  0:24  Probe (Chrono Boost)  
  15  0:36  Probe (Chrono Boost)  
  15  0:37  Gateway  
  16  0:44  Probe (Chrono Boost)  
  16  0:47  Assimilator  
  17  0:51  Probe  
  17  0:56  Assimilator  
  18  1:03  Probe (Chrono Boost)  
  19  1:08  Gateway  
  19  1:12  Probe (Chrono Boost)  
  19  1:18  Probe (Chrono Boost)  
  20  1:25  Cybernetics Core  
  21  1:29  Probe  
  22  1:36  Pylon  
  22  1:42  Probe  
  24  1:54  Probe  
  24  1:59  Pylon  
  24  2:02  Warp Gate, Stalker  
  28  2:21  Pylon  
  27  2:24  Probe  
  28  2:30  Pylon  
  28  2:40  Nexus  
  26  2:45  Stargate  
  26  2:48  Probe (Chrono Boost)  
  27  2:52  Sentry  
  29  3:00  Probe (Chrono Boost)  
  29  3:05  Stalker  
  32  3:07  Probe (Chrono Boost)  
  33  3:14  Shield Battery  
  33  3:15  Probe  
  34  3:27  Probe  
  34  3:31  Oracle  
  38  3:39  Probe  
  38  3:40  Shield Battery  
  39  3:42  Phoenix  
  39  3:46  Pylon  
  39  3:52  Probe  
  39  3:54  Shield Battery  
  41  3:58  Stalker  
  41  4:00  Stalker  
  43  4:04  Probe x2  
  45  4:16  Probe x2 (Chrono Boost)  
  47  4:20  Twilight Council  
  47  4:26  Stalker  
  47  4:27  Probe x2 (Chrono Boost)  
  51  4:31  Probe x2 (Chrono Boost)  
  53  4:42  Probe  
  53  4:43  Probe, Pylon  
  55  4:54  Blink (Chrono Boost)  
  55  4:55  Probe  
  55  4:57  Probe, Assimilator  
  57  5:01  Stalker x2  
  57  5:04  Pylon  
  61  5:09  Phoenix  
  61  5:16  Nexus  
  61  5:17  Probe  
  61  5:18  Probe  
  63  5:25  Stalker  
  65  5:29  Probe  
  65  5:30  Probe  
  65  5:33  Stalker  
  69  5:36  Shield Battery  
  69  5:39  Shield Battery  
  69  5:41  Probe, Pylon  
  70  5:43  Probe  
  71  5:51  Gateway  
  71  5:52  Gateway  
  71  5:53  Probe  
  71  5:55  Probe  
  73  6:03  Forge  
  73  6:05  Probe  
  73  6:07  Oracle (Chrono Boost)  
  73  6:08  Robotics Facility  
  77  6:11  Probe  
  77  6:17  Stalker  
  77  6:18  Probe  
  81  6:21  Stalker  
  81  6:23  Probe  
  84  6:27  Protoss Ground Weapons Level 1 (Chrono Boost)  
  84  6:30  Probe  
  85  6:33  Probe  
  85  6:35  Probe  
  85  6:38  Photon Cannon  
  87  6:42  Charge, Probe  
  87  6:45  Probe  
  89  6:47  Probe  
  89  6:48  Stalker, Pylon  
  89  6:50  Zealot  
  91  6:54  Probe  
  91  6:57  Probe  
  91  6:58  Phoenix (Chrono Boost), Stalker  
  91  6:59  Probe  
  96  7:13  Stalker x3  
  96  7:14  Assimilator  
  96  7:15  Phoenix (Chrono Boost)  
  104  7:41  Stalker x2  
  104  7:42  Probe  
  109  7:44  Nexus  
  109  7:47  Pylon  
  109  7:49  Robotics Bay  
  109  7:51  Gateway  
  109  7:54  Gateway  
  109  7:58  Photon Cannon, Pylon  
  109  8:04  Gateway  
  109  8:05  Probe, Gateway  
  110  8:07  Pylon  
  110  8:13  Shield Battery  
  110  8:17  Probe  
  110  8:18  Protoss Ground Weapons Level 2 (Chrono Boost)  
  110  8:19  Dark Shrine  
  112  8:20  Probe  
  112  8:21  Assimilator  
  112  8:30  Zealot  
  112  8:32  Probe  
  115  8:35  Probe  
  115  8:36  Probe  
  115  8:37  Disruptor (Chrono Boost)  
  115  8:38  Robotics Facility  
  115  8:39  Assimilator  
  115  8:40  Photon Cannon  
  120  8:46  Probe  
  121  8:48  Zealot  
  121  8:49  Zealot  
  121  8:52  Zealot x3  
  121  8:54  Gravitic Boosters (Chrono Boost)  
  129  9:00  Photon Cannon  
  129  9:01  Probe (Chrono Boost)  
  131  9:03  Observer (Chrono Boost)  
  131  9:07  Zealot x3, Probe (Chrono Boost)  
  138  9:14  Disruptor (Chrono Boost)  
  138  9:21  Pylon  
  138  9:23  Assimilator  
  141  9:26  Assimilator  
  141  9:28  Disruptor (Chrono Boost), Stalker x2  
  143  9:46  Probe  
  143  9:49  Zealot x6  
  147  9:58  Disruptor (Chrono Boost)  
  151  10:00  Probe  
  151  10:01  Photon Cannon, Probe  
  151  10:05  Shadow Stride (Chrono Boost)  
  153  10:07  Disruptor (Chrono Boost)  
  153  10:09  Probe  
  153  10:10  Probe  
  153  10:11  Photon Cannon  
  153  10:18  Dark Templar x3  
  153  10:20  Zealot x2  
  155  10:22  Pylon  
  155  10:23  Observer (Chrono Boost)  
  155  10:25  Pylon  
  156  10:31  Pylon  
  156  10:40  Disruptor (Chrono Boost), Probe  
  163  10:44  Stalker x3  
  163  10:45  Nexus  
  163  10:46  Disruptor (Chrono Boost)  
  163  10:47  Pylon  
  163  10:49  Zealot x2  
  149  11:00  Stalker x3  
  146  11:08  Photon Cannon x2  
  146  11:09  Probe  
  146  11:10  Photon Cannon  
  147  11:11  Shield Battery, Dark Templar  
  147  11:13  Probe, Pylon  
  147  11:16  Protoss Ground Weapons Level 3 (Chrono Boost)  
  147  11:17  Disruptor (Chrono Boost), Zealot x3  
  151  11:30  Stalker x3  
  147  11:40  Probe  
  147  11:42  Disruptor  
  147  11:46  Stalker x3  
  157  11:47  Zealot x2  
  159  11:57  Nexus  
  159  11:58  Disruptor  
  159  11:59  Pylon  
  162  12:03  Zealot x2  
  162  12:04  Zealot  
  164  12:17  Dark Templar  
  164  12:18  Zealot x4  
  172  12:23  Photon Cannon x2  
  172  12:24  Shield Battery  
  172  12:26  Pylon  
  172  12:28  Photon Cannon  
  172  12:30  Pylon  
  172  12:42  Stalker x6  
  172  12:43  Stalker  
  177  12:53  Dark Templar  
  177  12:55  Disruptor (Chrono Boost)  
  177  12:58  Probe  
  183  13:01  Probe  
  184  13:06  Pylon  
  184  13:07  Protoss Air Weapons Level 1 (Chrono Boost)  
  184  13:10  Assimilator  
  184  13:14  Assimilator  
  184  13:18  Zealot x7  
  180  13:28  Disruptor (Chrono Boost), Probe  
  180  13:33  Stalker  
  178  13:36  Probe  
  178  13:37  Probe  
  178  13:39  Dark Templar x4  
  188  13:43  Stalker x3  
  187  13:58  Probe  
  187  13:59  Protoss Shields Level 1 (Chrono Boost)  
  187  14:02  Fleet Beacon  
  188  14:03  Stargate  
  188  14:09  Zealot x4  
  196  14:12  Zealot x2  
  196  14:43  Zealot x7  
  149  15:03  Stalker x7  
  149  15:04  Stalker  
  156  15:09  Disruptor (Chrono Boost)  
  156  15:11  Probe  
  162  15:21  Disruptor (Chrono Boost), Probe x2  
  162  15:22  Probe  
  162  15:24  Protoss Air Weapons Level 2 (Chrono Boost)  
  162  15:25  Photon Cannon  
  162  15:27  Pylon  
  165  15:29  Stalker x4  
  165  15:31  Stalker  
  165  15:32  Observer (Chrono Boost)  
  165  15:33  Nexus  
  176  15:35  Pylon  
  151  15:43  Dark Templar x3  
  152  15:51  Observer (Chrono Boost)  
  152  15:52  Observer (Chrono Boost)  
  151  16:01  Zealot x3, Dark Templar x2  
  151  16:03  Shield Battery  
  167  16:09  Photon Cannon  
  167  16:14  Probe  
  167  16:17  Photon Cannon  
  167  16:18  Stalker x3  
  174  16:19  Photon Cannon  
  174  16:22  Stalker x2  
  178  16:28  Observer  
  178  16:31  Dark Templar  
  180  16:46  Zealot x3, Dark Templar x2  
  190  16:57  Stalker x2  
  190  16:59  Tempest (Chrono Boost)  
  192  17:05  Tempest (Chrono Boost)  
  192  17:07  Stalker x4  
  182  17:27  Stalker x3  
  179  17:35  Probe  
  185  17:38  Stalker x4  
  185  17:39  Tempest x2 (Chrono Boost)  
  198  17:49  Nexus  
  198  17:51  Photon Cannon  
  198  17:52  Pylon  
  198  17:53  Pylon  
  198  17:58  Photon Cannon  
  198  17:59  Pylon  
  198  18:05  Protoss Air Weapons Level 3 (Chrono Boost)  
  196  18:14  Stargate  
  196  18:15  Pylon  
  196  18:18  Zealot x2  
  200  18:23  Shield Battery  
  200  18:25  Photon Cannon, Assimilator  
  200  18:27  Shield Battery  
  198  18:35  Protoss Shields Level 2 (Chrono Boost)  
  198  18:39  Photon Cannon  
  198  18:40  Photon Cannon  
  192  19:03  Tempest (Chrono Boost)  
  180  19:11  Tempest (Chrono Boost)  
  180  19:14  Disruptor  
  193  19:19  Tempest (Chrono Boost)  
  193  19:23  Zealot x4  
  199  19:42  Photon Cannon x2  
  199  19:43  Photon Cannon  
  197  19:46  Nexus  
  197  19:49  Assimilator x2, Pylon  
  188  20:08  Pylon  
  187  20:20  Oracle (Chrono Boost)  
  177  20:22  Tempest (Chrono Boost)  
  174  20:34  Observer (Chrono Boost)  
  174  20:35  Tempest (Chrono Boost)  
  164  20:41  Observer (Chrono Boost)  
  162  20:53  Pylon  
  162  20:58  Photon Cannon  
  162  20:59  Photon Cannon  
  162  21:01  Shield Battery  
  162  21:02  Photon Cannon  
  162  21:10  Tempest (Chrono Boost)  
  170  21:14  Tempest (Chrono Boost)  
  170  21:20  Pylon  
  170  21:48  Nexus  
  170  21:58  Observer (Chrono Boost)  
  168  22:16  Tempest  
  129  22:56  Stalker x6  
Show
View Real Time Build Order
Export as new Build Order

goblin Protoss - Winner!

Build Orders: Carriers 

Get SALT Encoding   

  12  0:00  Probe  
  13  0:12  Probe  
  14  0:19  Pylon  
  14  0:24  Probe  
  15  0:37  Probe (Chrono Boost), Gateway  
  16  0:46  Probe (Chrono Boost)  
  16  0:47  Assimilator  
  17  0:51  Probe  
  18  1:03  Probe  
  19  1:15  Probe (Chrono Boost)  
  19  1:17  Assimilator  
  20  1:18  Pylon  
  20  1:25  Cybernetics Core  
  21  1:26  Probe (Chrono Boost)  
  21  1:31  Probe (Chrono Boost)  
  22  1:42  Probe  
  22  1:45  Zealot  
  25  1:54  Probe  
  26  2:02  Warp Gate  
  26  2:06  Probe  
  27  2:12  Adept  
  29  2:16  Pylon  
  29  2:18  Probe  
  29  2:20  Pylon  
  30  2:30  Probe  
  31  2:37  Nexus  
  31  2:42  Stalker  
  32  2:45  Probe  
  33  2:52  Robotics Facility  
  33  2:57  Probe  
  34  3:00  Shield Battery  
  34  3:08  Shield Battery  
  34  3:10  Probe  
  35  3:19  Sentry  
  37  3:22  Probe  
  39  3:34  Probe  
  39  3:36  Pylon  
  39  3:43  Gateway  
  39  3:49  Observer, Probe x2 (Chrono Boost)  
  42  3:59  Probe x2 (Chrono Boost)  
  44  4:03  Sentry  
  44  4:04  Probe (Chrono Boost)  
  44  4:05  Probe (Chrono Boost)  
  44  4:06  Twilight Council  
  48  4:12  Assimilator  
  48  4:13  Observer  
  48  4:16  Probe (Chrono Boost)  
  51  4:20  Probe (Chrono Boost)  
  51  4:21  Probe (Chrono Boost)  
  52  4:27  Probe  
  52  4:28  Stalker  
  52  4:30  Probe  
  54  4:39  Probe  
  54  4:42  Probe  
  56  4:50  Blink (Chrono Boost)  
  56  4:51  Nexus  
  56  4:53  Stalker x2  
  60  5:01  Dark Shrine  
  60  5:03  Probe  
  61  5:07  Probe  
  61  5:13  Pylon  
  62  5:17  Pylon  
  62  5:24  Probe  
  62  5:27  Gateway  
  62  5:29  Gateway  
  62  5:31  Probe  
  63  5:35  Stalker x2  
  63  5:36  Probe  
  63  5:40  Warp Prism (Chrono Boost)  
  68  5:43  Probe  
  68  5:48  Probe  
  72  5:55  Probe  
  73  6:00  Stalker x2, Pylon  
  73  6:04  Probe x2  
  79  6:06  Shield Battery  
  79  6:08  Probe (Chrono Boost)  
  79  6:11  Pylon  
  80  6:16  Probe (Chrono Boost)  
  82  6:18  Probe (Chrono Boost), Forge  
  84  6:25  Probe (Chrono Boost)  
  84  6:27  Probe x2 (Chrono Boost)  
  84  6:29  Dark Templar x2  
  84  6:30  Dark Templar  
  91  6:33  Probe  
  91  6:35  Probe  
  91  6:38  Probe  
  57  6:40  Charge, Assimilator  
  94  6:45  Probe  
  94  6:46  Protoss Ground Weapons Level 1 (Chrono Boost)  
  95  6:50  Probe  
  95  6:51  Stalker  
  96  6:55  Pylon  
  96  6:56  Pylon  
  96  6:58  Probe  
  96  6:59  Immortal  
  100  7:06  Stalker  
  99  7:16  Nexus  
  99  7:17  Stalker x2  
  99  7:18  Pylon  
  103  7:22  Pylon  
  103  7:23  Probe x2  
  103  7:28  Dark Templar  
  107  7:30  Probe  
  107  7:35  Pylon  
  108  7:38  Probe x2  
  108  7:44  Stalker x3  
  108  7:48  Probe  
  108  7:50  Probe  
  114  7:52  Gateway  
  114  7:53  Gateway  
  114  7:54  Shield Battery, Gateway  
  114  7:55  Gateway  
  114  8:05  Photon Cannon  
  114  8:10  Probe x2  
  114  8:12  Stalker x4  
  124  8:22  Pylon  
  124  8:23  Probe x3  
  127  8:27  Protoss Ground Weapons Level 2 (Chrono Boost)  
  127  8:29  Photon Cannon  
  127  8:35  Probe  
  128  8:49  Zealot x2  
  128  8:51  Zealot x6  
  128  8:53  Nexus, Probe  
  145  8:56  Pylon  
  145  8:58  Probe  
  145  8:59  Probe x2, Assimilator  
  146  9:10  Zealot x2  
  146  9:14  Zealot x3, Stalker x2  
  146  9:16  Shadow Stride  
  160  9:22  Probe x2  
  162  9:27  Zealot, Gateway  
  162  9:29  Gateway  
  162  9:30  Pylon  
  164  9:32  Warp Prism  
  158  9:47  Probe x2  
  158  9:56  Zealot  
  158  9:57  Zealot x6  
  158  9:59  Pylon  
  172  10:04  Pylon  
  170  10:19  Stalker x8  
  186  10:24  Observer (Chrono Boost)  
  186  10:27  Robotics Bay, Probe  
  186  10:28  Photon Cannon  
  188  10:30  Pylon  
  188  10:32  Robotics Facility, Protoss Ground Weapons Level 3 (Chrono Boost), Photon Cannon x2  
  188  10:34  Photon Cannon  
  188  10:35  Shield Battery, Photon Cannon  
  188  10:37  Shield Battery, Observer (Chrono Boost)  
  188  10:39  Dark Templar x2  
  161  11:04  Stalker x3  
  161  11:05  Stalker x4  
  161  11:10  Gateway  
  175  11:12  Zealot, Dark Templar  
  175  11:13  Gateway  
  175  11:15  Disruptor, Pylon  
  175  11:34  Warp Prism  
  169  11:40  Stalker x2  
  169  11:42  Gravitic Boosters  
  169  11:44  Nexus  
  169  11:45  Pylon  
  171  11:47  Dark Templar x3  
  171  11:49  Probe, Assimilator  
  171  11:50  Assimilator  
  171  11:52  Probe x2  
  180  11:57  Photon Cannon  
  180  11:59  Photon Cannon  
  180  12:01  Dark Templar x2  
  184  12:11  Disruptor  
  184  12:14  Nexus  
  184  12:15  Pylon  
  187  12:17  Unknown  
  187  12:27  Observer  
  188  12:30  Zealot x3, Dark Templar  
  194  12:37  Photon Cannon  
  194  12:40  Photon Cannon  
  194  12:41  Photon Cannon  
  194  12:45  Stargate  
  194  12:47  Observer  
  193  12:56  Dark Templar x2  
  197  13:02  Assimilator  
  197  13:06  Dark Templar  
  197  13:07  Probe  
  200  13:15  Protoss Air Weapons Level 1  
  176  13:31  Zealot x11  
  194  13:37  Assimilator  
  194  13:42  Protoss Shields Level 1 (Chrono Boost)  
  194  13:45  Disruptor x2  
  194  13:47  Photon Cannon  
  200  13:49  Shield Battery  
  200  13:50  Pylon  
  188  14:03  Dark Templar x3  
  188  14:04  Zealot x3  
  200  14:16  Fleet Beacon  
  200  14:20  Stargate x2  
  198  14:24  Stargate  
  198  14:29  Zealot x2  
  197  14:44  Zealot x5  
  153  15:09  Nexus  
  153  15:12  Stalker x8  
  153  15:13  Disruptor x2  
  175  15:14  Pylon  
  175  15:19  Assimilator  
  175  15:21  Assimilator  
  193  15:23  Carrier x3 (Chrono Boost)  
  193  15:29  Carrier (Chrono Boost)  
  193  15:33  Observer  
  185  15:49  Disruptor  
  180  15:57  Protoss Air Weapons Level 2  
  178  16:11  Carrier x2 (Chrono Boost)  
  177  16:14  Disruptor  
  192  16:22  Protoss Shields Level 2 (Chrono Boost)  
  192  16:25  Photon Cannon  
  192  16:29  Photon Cannon  
  192  16:31  Photon Cannon  
  192  16:33  Photon Cannon  
  192  16:34  Shield Battery  
  192  16:37  Zealot  
  192  16:38  Zealot x3  
  200  16:41  Zealot x2  
  200  16:42  Zealot x2  
  196  16:57  Zealot x2  
  196  17:00  Pylon  
  154  17:30  Carrier x4 (Chrono Boost)  
  154  17:36  Zealot x8  
  154  17:37  Zealot  
  196  17:44  Dark Templar  
  196  17:45  Dark Templar  
  200  17:59  Pylon  
  200  18:01  Nexus  
  200  18:23  Protoss Air Weapons Level 3  
  200  18:25  Observer x2  
  195  19:26  Tempest  
  200  19:33  Gateway  
  200  19:34  Gateway  
  200  19:37  Gateway  
  183  20:08  Tempest x2 (Chrono Boost)  
  183  20:09  Tempest (Chrono Boost)  
  183  20:31  Zealot x7, Stalker  
  183  20:32  Stalker x5  
  192  20:44  Tempest x2 (Chrono Boost)  
  192  20:45  Tempest (Chrono Boost)  
  192  20:49  Disruptor x2  
  199  20:51  Protoss Shields Level 3 (Chrono Boost)  
  199  20:53  Assimilator  
  199  20:59  Assimilator  
  199  21:02  Protoss Air Armor Level 1 (Chrono Boost)  
  199  21:03  Photon Cannon  
  199  21:04  Photon Cannon  
  199  21:06  Photon Cannon  
  199  21:07  Photon Cannon  
  199  21:09  Photon Cannon, Stalker  
  199  21:10  Stalker  
  199  21:11  Shield Battery  
  199  21:12  Shield Battery  
  199  21:13  Pylon  
  199  21:17  Oracle (Chrono Boost)  
  200  21:25  Observer  
  195  22:10  Oracle  
  195  22:14  Unknown  
  174  22:41  Zealot x2  
  174  22:42  Disruptor, Zealot x11, Observer, Tempest x2 (Chrono Boost)  
  174  22:43  Disruptor, Tempest (Chrono Boost)  
  177  22:44  Tempest (Chrono Boost)  
  155  22:55  Stalker x2  
  150  23:08  Stalker x4  
  150  23:09  Stalker x8  
  172  23:15  Tempest x2 (Chrono Boost)  
  174  23:23  Zealot x3  
  145  23:34  Stalker x9  
Tags
 
Add a new tag
Caveats
  • Supply blocks, unpowered buildings, or Contaminate may cause inaccurate times.
  • Supply counts are checked every 10 seconds.